 Dungeon Crawl Stone Soup version 0.27.1-34-g3ba077fa99 (webtiles) character file.

Game seed: 3584497362108795790

632 BaraMinh the Skirmisher (level 7, -6/66 HPs)
             Began as a Minotaur Fighter on Jan 11, 2022.
             Was a Follower of Okawaru.
             Mangled by a gnoll (7 damage)
             ... on level 5 of the Dungeon.
             The game lasted 00:37:31 (3801 turns).

BaraMinh the Skirmisher (Minotaur Fighter)          Turns: 3801, Time: 00:37:32

Health: -6/66      AC: 11    Str: 22      XL:     7   Next: 24%
Magic:  6/6        EV:  7    Int:  6 (8)  God:    Okawaru [*.....]
Gold:   165        SH:  9    Dex: 12 (13) Spells: 6/6 levels left

rFire    + . .     SeeInvis .   A - +7 trident "Grim Tooth" {vorpal, +Blink rPois Int+3}
rCold    . . .     Faith    .   c - +0 kite shield
rNeg     . . .     Spirit   .   b - +0 scale mail
rPois    +         Reflect  .   (helmet restricted)
rElec    .         Harm     .   (no cloak)
rCorr    .         Rampage  .   u - +2 pair of gloves {Dex+3}
Will     .....                  i - +0 pair of boots
Stlth    ..........             v - amulet of the acrobat
HPRegen  0.21/turn              x - ring of protection from fire
MPRegen  0.10/turn              (no ring)

@: slowed, very slow
A: horns 2, retaliatory headbutt
a: Renounce Religion, Evoke Blink, Heroism


You were on level 5 of the Dungeon.
You worshipped Okawaru.
Okawaru was aware of your devotion.
You visited 2 branches of the dungeon, and saw 6 of its levels.

You collected 165 gold pieces.

Inventory:

Hand Weapons
 a - a +0 war axe of draining
 l - a +0 falchion
 y - a +1 vampiric falchion
 A - the +7 trident "Grim Tooth" (weapon) {vorpal, +Blink rPois Int+3}
   (You found it on level 4 of the Dungeon)

   It inflicts extra damage upon your enemies.
   Int:       It affects your intelligence (+3).
   rPois:     It protects you from poison.
   +Blink:    It lets you blink.
Missiles
 B - 2 throwing nets (quivered)
Armour
 b - a +0 scale mail (worn)
 c - a +0 kite shield (worn)
 f - a +0 robe
 i - a +0 pair of boots (worn)
 q - a +3 ring mail
 s - a +0 barding
 u - a +2 pair of gloves of dexterity (worn)
Magical Staves
 t - a staff of death
Jewellery
 v - an amulet of the acrobat (around neck)
 x - a ring of protection from fire (left hand)
Wands
 p - a wand of digging (6)
Scrolls
 h - 3 scrolls of identify {unknown}
 j - a scroll of enchant armour {unknown}
 k - a scroll of fear {unknown}
 m - a scroll of summoning {unknown}
 n - a scroll of acquirement {unknown}
 o - 2 scrolls of teleportation {unknown}
 z - a scroll of amnesia {unknown}
Potions
 d - a potion of might
 e - 2 potions of lignification {unknown}
 g - a potion of curing {unknown}
 w - a potion of berserk rage {unknown}


   Skills:
 + Level 7.1 Fighting
 - Level 5.7(6.4) Axes
 * Level 4.2(5.6) Polearms
 - Level 4.0 Armour
 - Level 3.6 Shields


You had 6 spell levels left.
You didn't know any spells.
Your spell library contained the following spells:

 Spells                   Type           Power      Damage    Failure   Level
 Shock                    Conj/Air       0%         1d3       99%         1
 Swiftness                Air            0%         N/A       100%        3
 Airstrike                Air            0%         N/A       100%        4


Dungeon Overview and Level Annotations

Branches:
Dungeon (5/15)             Temple (1/1) D:4

Altars:
Ashenzari
Cheibriados
Elyvilon
Hepliaklqana
Makhleb
Nemelex Xobeh
Okawaru
Uskayaw
Zin
The Shining One
Jiyva


Innate Abilities, Weirdness & Mutations

You have a pair of horns on your head.
You reflexively headbutt those who attack you in melee.


Message History

You puncture the jackal!
You kill the jackal!
Okawaru accepts your kill. You block the gnoll's attack.
The gnoll hits you but does no damage.
You reach to attack!
You hit the gnoll.
The gnoll is heavily wounded.
The gnoll hits you from afar with a +0 spear.
A gnoll comes into view. It is wielding a +0 flail.
You block the gnoll's attack.
You reach to attack!
You puncture the gnoll!
You kill the gnoll!
Okawaru accepts your kill. The gnoll hits you but does no damage.
You reach to attack!
You puncture the gnoll!
The gnoll is almost dead.
The gnoll hits you but does no damage. You block the gnoll's attack.
You reach to attack!
You puncture the gnoll!
You kill the gnoll!
Okawaru accepts your kill.
A gnoll comes into view. It is wielding a +0 club.
You block the gnoll's attack.
You hit the ogre. You headbutt the ogre.
The ogre is moderately wounded.
The gnoll closely misses you. The ogre hits you with a +0 giant club.
The gnoll hits you with a +0 flail. You block the gnoll's attack.
The gnoll barely misses you. You block the ogre's attack.
You puncture the ogre!
The ogre is almost dead.
The gnoll barely misses you. The gnoll hits you but does no damage.
The ogre hits you with a +0 giant club!!
The gnoll hits you but does no damage. You block the gnoll's attack.
You are too injured to fight recklessly!
You are too injured to fight recklessly!
You are too injured to fight recklessly!
You fail to use your ability.
A gnoll comes into view. It is wielding a +0 halberd.
The ogre hits you with a +0 giant club!!
* * * LOW HITPOINT WARNING * * *
You block the gnoll's attack. The gnoll hits you with a +0 flail!
You die...

***,,,,,* #....g.......####.,,,*
*,*,,,,,* #g##.##......####..,,*
*,*,,,,,* #g##..#...)(.......,,*
*,*,,,,,* #.###.###.#(#####.#***
*,***,*** #.# *.###.#†# *,,,,,
**,* *,* #.###?.##.#.#######**,
,,,* *_* #...##.##.........#<*,
,,.* *** ###g##..###g#####.#,*,
,..* #..O@gg....†.....#.*, ...#
######..##.......#.*, ...#
********** ##.##.......#.#+ ##.#
*,,,,,,,,* *,##.......#... *#.#
*,,,,,,,,* *..#.......##.. *#.#
*,,,,,,,,*****#.#.......##..
#.###,,,,,,,,,,,,,.........(##..
##.#.#,,,,,,,,*****##..####[.....
.....#,,,,,,,,* #..# ########


You could see an ogre and 4 gnolls.

Vanquished Creatures
  Eustachio (D:5)
  A necrophage (D:5)
  A bullfrog zombie (D:5)
  A hound (D:5)
  A jelly (D:4)
  Terence (D:2)
  Natasha (thrice) (D:2)
  An iguana (D:4)
  A hound skeleton (D:5)
  3 adders
  3 gnolls (D:5)
  2 ufetubi
  3 worms
  A dart slug (D:1)
  10 orcs
  10 endoplasms
  2 giant cockroaches
  4 goblins
  8 hobgoblins
  6 jackals
  4 quokkas
  7 ball pythons
  6 bats
  3 frilled lizards
  6 kobolds
  2 rats
91 creatures vanquished.

Notes
Turn   | Place    | Note
-------+----------+-------------------------------------------
     0 | D:1      | BaraMinh the Minotaur Fighter began the quest for the Orb.
     0 | D:1      | Reached XP level 1. HP: 19/19 MP: 0/0
   313 | D:1      | Reached XP level 2. HP: 27/27 MP: 1/1
   624 | D:1      | Reached skill level 4 in Fighting
   748 | D:2      | Noticed Terence
   753 | D:2      | Killed Terence
   754 | D:2      | Reached XP level 3. HP: 24/34 MP: 2/2
   996 | D:2      | Noticed Natasha
  1006 | D:2      | Killed Natasha
  1007 | D:2      | Reached XP level 4. HP: 27/41 MP: 3/3
  1161 | D:2      | Noticed Natasha
  1167 | D:2      | Killed Natasha
  1168 | D:2      | Reached skill level 5 in Fighting
  1403 | D:2      | Noticed Natasha
  1410 | D:2      | Killed Natasha
  1520 | D:2      | Found a faded altar of an unknown god.
  1527 | D:2      | Reached XP level 5. HP: 45/48 MP: 4/4
  1543 | D:2      | Became a worshipper of Cheibriados the Contemplative
  1543 | D:2      | Reached * piety under Cheibriados
  1938 | D:3      | Reached ** piety under Cheibriados
  2136 | D:3      | Reached skill level 5 in Axes
  2450 | D:3      | Found an iron altar of Okawaru.
  2458 | D:3      | Fell from the grace of Cheibriados
  2458 | D:3      | Became a worshipper of Warmaster Okawaru
  2692 | D:4      | Found a staircase to the Ecumenical Temple.
  2698 | Temple   | Entered the Ecumenical Temple
  3164 | D:5      | Entered Level 5 of the Dungeon
  3170 | D:5      | Reached skill level 6 in Fighting
  3339 | D:4      | Reached XP level 6. HP: 56/57 MP: 5/5
  3492 | D:4      | Identified the +7 trident "Grim Tooth" {vorpal, +Blink
                  | rPois Int+3}
  3681 | D:5      | Noticed Eustachio
  3716 | D:5      | Killed Eustachio
  3716 | D:5      | Reached * piety under Okawaru
  3761 | D:5      | Reached XP level 7. HP: 39/64 MP: 6/6
  3769 | D:5      | Reached skill level 7 in Fighting
  3801 | D:5      | HP: 1/66 [ogre (21)]
  3801 | D:5      | Mangled by a gnoll

Illustrated notes

Levels and vault maps discovered:
D:1:      minmay_arrival_stone_box, layout_rooms
D:2:      layout_loops_ring, shapermc_ecumenical_altar_notcrosses, uniq_natasha,
          uniq_terence
D:3:      layout_basic, mainiacjoe_overflow_24_doors
D:4:      layout_basic, temple_statues, minmay_ruptured
D:5:      layout_basic, lemuel_zombie_altar_yredelemnul,
          minmay_shop_grid_forest, uniq_eustachio
Temple:   pf_slime_end_temple

Skill      XL: |  1  2  3  4  5  6  7 |
---------------+----------------------+-----
Armour         | 4 |  4.0
Fighting       | 4 5 6 7 |  7.1
Axes           | 3 4 5 |  5.7
Polearms       | 3 4 |  4.2
Shields        | |  3.6

Action                   |  1- 3 |  4- 6 |  7- 9 || total
-------------------------+-------+-------+-------++-------
Melee: War axe           |    49 |    97 |       ||   146
       Headbutt          |     9 |    19 |     2 ||    30
       Trident           |       |    32 |    11 ||    43
       Falchion          |       |     1 |       ||     1
 Abil: Evoke Blink       |       |       |     1 ||     1
  Use: Scroll            |       |     2 |       ||     2
       Potion            |       |     1 |       ||     1
Armor: Scale mail        |    15 |    82 |    10 ||   107
Dodge: Dodged            |    22 |    61 |    33 ||   116
Block: Kite shield       |    26 |    84 |    32 ||   142
